 Dungeon Crawl Stone Soup version 0.22-a0-348-gd16d139 (webtiles) character file.

133 Auros the Cudgeler (level 4, -1/60 HPs)
             Began as a Minotaur Fighter on Apr 11, 2018.
             Slain by Natasha (3 damage)
             ... on level 3 of the Dungeon.
             The game lasted 00:08:15 (1749 turns).

Auros the Cudgeler (Minotaur Fighter)               Turns: 1749, Time: 00:08:15

Health: -1/60      AC: 22    Str: 20    XL:     4   Next: 94%
Magic:  3/3        EV:  2    Int:  5    God:
Gold:   90         SH:  9    Dex: 11    Spells: 3/3 levels left

rFire    . . .     SeeInvis .   a - +0 flail
rCold    . . .     Gourm    .   c - +0 shield
rNeg     + + +     Faith    .   (armour currently unavailable)
rPois    +         Spirit   .   (helmet currently unavailable)
rElec    .         Reflect  .   (cloak currently unavailable)
rCorr    .         Harm     .   (gloves currently unavailable)
MR       .....     NoTele   +   (boots currently unavailable)
Stlth    +.........             (no amulet)
HPRegen  0.20/turn              (no ring)
MPRegen  0.08/turn              (no ring)

@: lethally poisoned (-1 -> -3), tree-form, slowed, very slow
A: (retaliatory headbutt)
a: no special abilities


You were on level 3 of the Dungeon.
You were not hungry.
You were a tree.
You visited 1 branch of the dungeon, and saw 3 of its levels.

You collected 90 gold pieces.

Inventory:

Hand Weapons
 a - a +0 flail (weapon)
 b - a +0 hunting sling
Missiles
 o - 26 sling bullets
 r - 44 stones (quivered)
 x - 9 arrows
Armour
 c - a +0 shield (worn)
 p - a +0 scale mail (melded)
Jewellery
 g - an uncursed ring of protection from fire {unknown}
 y - an uncursed ring of flight {unknown}
Wands
 u - a wand of random effects (9)
Scrolls
 e - 2 scrolls of magic mapping
 h - 3 scrolls of identify
 m - a scroll of immolation {unknown}
 n - a scroll of enchant weapon {unknown}
 q - a scroll of fog {unknown}
 s - a scroll of teleportation {unknown}
 t - a scroll of enchant armour {unknown}
 w - a scroll of noise {unknown}
Potions
 d - a potion of might
 i - a potion of lignification
 j - a potion of flight
 k - a potion of berserk rage {unknown}
 l - a potion of magic {unknown}
 z - a potion of mutation {unknown}
Comestibles
 f - 3 rations
 v - 10 chunks of flesh


   Skills:
 - Level 3.9 Fighting
 + Level 4.4 Maces & Flails
 - Level 3.8 Armour
 + Level 3.1 Dodging
 - Level 3.8 Shields


You had 3 spell levels left.
You didn't know any spells.

Dungeon Overview and Level Annotations

Branches:
Dungeon (3/15)

Altars:
Dithmenos
Makhleb
Qazlal
Zin

Annotations:
D:3 Natasha


Innate Abilities, Weirdness & Mutations

((You reflexively headbutt those who attack you in melee.))
((You have a pair of horns on your head.))


Message History

Natasha stares at you and mumbles some strange words.
You feel yourself slow down.
You hit Natasha but do no damage.
You feel sick. Natasha barely misses you.
You closely miss Natasha.
Natasha claws you but does no damage. x2
You hit Natasha but do no damage.
You feel sick.
The shadow imp disappears in a puff of smoke!
You block Natasha's attack. Natasha claws you but does no damage.
You hit Natasha.
Natasha is moderately wounded.
You feel sick.
Natasha claws you but does no damage. x2
Some of the chunks of flesh in your inventory have rotted away.
You closely miss Natasha.
Natasha is moderately wounded.
You block Natasha's attack. Natasha claws you.
* * * LOW HITPOINT WARNING * * *
An orc comes into view.
It was a potion of flight.
Your roots keep you in place.
The orc shouts!
Natasha claws you.
You die...

..# #.# #.# #.# #.# #.#
### #.# ##.##
#######.###...#########
#....h♣...............#
#o#.###........)## ...
####.#.##.# #.##
#.#.##÷# ...
#.#.##.####### ###
#.............
#.#.##.####### #.#.##.#
#.#.##.#


You could see Natasha and an orc.

Vanquished Creatures
  An orc priest (D:3)
  Natasha (D:3)
  3 adders
  A worm (D:3)
  2 dart slugs (D:2)
  A leopard gecko (D:1)
  3 orcs (D:3)
  2 ball pythons (D:1)
  2 giant cockroaches
  6 hobgoblins
  2 kobolds (D:1)
  3 bats
  3 frilled lizards
  6 goblins
  6 rats
42 creatures vanquished.

Notes
Turn   | Place    | Note
-------+----------+-------------------------------------------
     0 | D:1      | Auros the Minotaur Fighter began the quest for the Orb.
     0 | D:1      | Reached XP level 1. HP: 19/19 MP: 0/0
   112 | D:1      | Reached XP level 2. HP: 25/27 MP: 1/1
   573 | D:1      | Reached skill level 1 in Dodging
   755 | D:2      | Reached skill level 3 in Maces & Flails
   755 | D:2      | Reached XP level 3. HP: 33/33 MP: 2/2
   764 | D:2      | Found a stormy altar of Qazlal.
   828 | D:2      | Noticed a cacodemon
   829 | D:2      | Found a burning altar of Makhleb.
   836 | D:2      | Found a glowing silver altar of Zin.
   836 | D:2      | Noticed an angel
   938 | D:2      | Found a shadowy altar of Dithmenos.
  1547 | D:3      | Reached XP level 4. HP: 40/40 MP: 3/3
  1551 | D:3      | Reached skill level 4 in Maces & Flails
  1597 | D:3      | Noticed Natasha
  1602 | D:3      | Killed Natasha
  1733 | D:3      | Noticed Natasha
  1748 | D:3      | HP: 1/60 [Natasha (3)]
  1749 | D:3      | Slain by Natasha

Vault maps used:
D:1:      lightli_arrival_isolated_outpost
D:2:      grunt_temple_overflow_order_and_chaos_2,
          nicolae_dithmenos_shadow_blocks, old_standard_altar
D:3:      uniq_natasha

Skill      XL: |  1  2  3  4 |
---------------+-------------+-----
Dodging        | 1 2 3 |  3.1
Maces & Flails | 3 4 |  4.4
Fighting       | |  3.9
Armour         | |  3.8
Shields        | |  3.8

Action                   |  1- 3 |  4- 6 || total
-------------------------+-------+-------++-------
Melee: Flail             |    79 |    27 ||   106
       Headbutt          |    14 |     3 ||    17
 Fire: Hunting sling     |     7 |       ||     7
  Use: Scroll            |     1 |       ||     1
       Potion            |       |     2 ||     2
  Eat: Chunk             |     2 |     1 ||     3
Armor: Scale mail        |    35 |     7 ||    42
       Skin              |       |     6 ||     6
Dodge: Dodged            |    19 |     6 ||    25
Block: Shield            |    52 |    17 ||    69

Table legend:
 A = Spawn XP
 B = Non-spawn XP
 C = Spawn XP percentage of total XP
 D = Spawn monster count
 E = Non-spawn monster count
 F = Spawn count percentage of total count
 G = Total turns spent on level
                    A         B        C        D         E        F      G
               +---------+---------+-------+---------+---------+-------+---------
         Total |       0 |     191 |   0.0 |       0 |      42 |   0.0 |  1749
               +---------+---------+-------+---------+---------+-------+---------
           D:1 |       0 |      29 |   0.0 |       0 |      18 |   0.0 |   714
           D:2 |       0 |      32 |   0.0 |       0 |      10 |   0.0 |   773
           D:3 |       0 |     130 |   0.0 |       0 |      14 |   0.0 |   262
               +---------+---------+-------+---------+---------+-------+---------
